 Dungeon Crawl Stone Soup version 0.30.1-11-g7821555f0a (webtiles) character file.

Game seed: 16669024090903002207

1320 Okkudo the Cleaver (level 8, -2/73 HPs)
             Began as a Hill Orc Monk on Dec 8, 2023.
             Was a Believer of Beogh.
             Slain by a wight
             ... wielding a +2 battleaxe of freezing
              (7 damage)
             ... on level 7 of the Dungeon.
             The game lasted 00:20:29 (5225 turns).

Okkudo the Cleaver (Hill Orc Monk)                  Turns: 5225, Time: 00:20:30

Health: -2/73      AC: 15    Str: 22    XL:     8   Next: 59%
Magic:  8/8        EV:  8    Int: 10    God:    Beogh [**....]
Gold:   201        SH:  0    Dex: 13    Spells: 7/7 levels left

rFire   + . .        m - +0 broad axe
rCold   x . .        d - orb {light}
rNeg    . . .        a - +3 plate armour
rPois   .            l - +0 helmet
rElec   .            (no cloak)
rCorr   .            (no gloves)
SInv    .            (no boots)
Will    .....        (no amulet) Stlth
                     r - ring of fire
HPRegen 0.32/turn    F - +6 ring of strength
MPRegen 0.11/turn

%: no passive effects
@: glowing
A: no striking features
a: Renounce Religion, Smiting


You were on level 7 of the Dungeon.
You worshipped Beogh.
Beogh was pleased with you.
You visited 1 branch of the dungeon, and saw 7 of its levels.

You collected 201 gold pieces.

Inventory:

Hand Weapons
 b - a +3 great sword
 m - a +0 broad axe (weapon)
Missiles
 h - 9 poisoned darts (quivered)
 D - a throwing net
Armour
 a - a +3 plate armour (worn)
 d - an orb of light (worn)
 l - a +0 helmet (worn)
 t - the +0 leather armour of Submission {rElec rF+ Dex+4}
   (You found it on level 6 of the Dungeon)

   Dex:       It affects your dexterity (+4).
   rF:        It protects you from fire.
   rElec:     It insulates you from electricity.
Jewellery
 r - a ring of fire (left hand)
 B - an amulet of magic regeneration
 F - a +6 ring of strength (right hand)
Scrolls
 i - a scroll of fog
 j - a scroll of silence
 n - 3 scrolls of amnesia
 q - a scroll of poison
 s - a scroll of immolation
 w - a scroll of vulnerability
 G - a scroll of brand weapon {unknown}
Potions
 e - 3 potions of brilliance {unknown}
 f - a potion of attraction {unknown}
 k - 2 potions of lignification {unknown}
 o - a potion of berserk rage {unknown}
 p - a potion of degeneration {unknown}
 u - a potion of flight {unknown}
 v - a potion of mutation {unknown}
 z - 2 potions of heal wounds {unknown}
 A - a potion of might {unknown}


   Skills:
 - Level 7.0 Fighting
 * Level 9.5 Axes
 + Level 3.0 Armour
 - Level 4.8 Dodging


You had 7 spell levels left.
You didn't know any spells.
Your spell library was empty.

Dungeon Overview and Level Annotations

Branches:
Dungeon (7/15)             Temple (0/1) D:4

Altars:
Hepliaklqana
Xom
Yredelemnul

Shops:
D:6 *((

Annotations:
D:5 1 runed translucent door, Crazy Yiuf
D:7 Prince Ribbit


Message History

The curare-tipped dart hits you.
You are poisoned.
You have difficulty breathing.
* * * LOW HITPOINT WARNING * * *
You feel yourself slow down.
As you read the scroll of fear, it crumbles to dust.
You assume a fearsome visage.
The kobold brigand looks frightened!
The kobold looks frightened!
The howler monkey looks frightened! x2
The bullfrog looks frightened!
The bullfrog croaks.
* * * LOW HITPOINT WARNING * * *
You feel very sick.
As you read the scroll of teleportation, it crumbles to dust.
You feel strangely unstable.
* * * LOW HITPOINT WARNING * * *
You feel very sick.
The kobold throws a stone.
The stone barely misses you.
* * * LOW HITPOINT WARNING * * *
You feel sick.
The kobold throws a stone.
The stone barely misses you.
Your surroundings suddenly seem different.
Prince Ribbit and 3 wights come into view.
A wight is wielding a +2 battleaxe of freezing.
Found a fuming golden potion, 6 stones and a clear potion.
You feel sick.
Prince Ribbit hits you but does no damage.
A wight comes into view. It is wielding a +2 halberd.
Prince Ribbit barely misses you.
Found 17 gold pieces.
* * * LOW HITPOINT WARNING * * *
You feel sick.
Prince Ribbit blinks!
You feel sick.
You are no longer poisoned.
Prince Ribbit blinks!
Prince Ribbit lets out a mournful croak.
You feel yourself speed up.
As you read the scroll of fog, it crumbles to dust.
The scroll dissolves into smoke.
Prince Ribbit catches a baby bat with his tongue.
The wight hits you with a +2 battleaxe of freezing!
You die...

#################
..........§§@§§§#
..........§Fzzz§#
(.........§z§§§§#
................#
!.........z.....#
................#
................#
................#
................#


You could see Prince Ribbit and 4 wights.

Vanquished Creatures
  Eustachio (D:5)
  Edmund (D:6)
  A sky beast (D:6)
  2 black bears
  3 scorpions
  3 killer bees (D:7)
  A howler monkey (D:5)
  A gnoll bouda (D:5)
  An orc priest (D:4)
  3 jellies
  4 iguanas
  A sleepcap (D:4)
  Robin (D:2)
  3 gnolls (D:5)
  6 adders
  A white imp (D:6)
  An ufetubus (D:6)
  4 orcs
  3 bats
  7 endoplasms
  2 giant cockroaches
  9 goblins
  10 hobgoblins
  4 jackals
  2 quokkas
  5 ball pythons
  2 frilled lizards (D:3)
  4 kobolds
  5 rats
91 creatures vanquished.

Vanquished Creatures (others)
  An adder (D:3)
  A worm (D:3)
  2 orcs (D:3)
  A goblin (D:3)
  A ball python (D:3)
6 creatures vanquished.

Grand Total: 97 creatures vanquished

Notes
Turn   | Place    | Note
-------+----------+-------------------------------------------
     0 | D:1      | Okkudo the Hill Orc Monk began the quest for the Orb.
     0 | D:1      | Reached XP level 1. HP: 19/19 MP: 1/1
   157 | D:1      | Reached XP level 2. HP: 16/27 MP: 2/2
   804 | D:2      | Reached XP level 3. HP: 29/33 MP: 3/3
  1058 | D:2      | Found a hazy altar of Hepliaklqana.
  1154 | D:2      | Noticed Robin
  1169 | D:2      | Killed Robin
  1844 | D:3      | Reached skill level 5 in Axes
  1844 | D:3      | Reached XP level 4. HP: 41/41 MP: 4/4
  2163 | D:3      | Noticed a human
  2167 | D:3      | Found a runed translucent door.
  2170 | D:3      | Found a basalt altar of Yredelemnul.
  2269 | D:3      | Reached XP level 5. HP: 47/47 MP: 5/5
  2273 | D:3      | Became a worshipper of Beogh the Brigand
  2273 | D:3      | Reached * piety under Beogh
  2273 | D:3      | Reached ** piety under Beogh
  2675 | D:4      | Found a staircase to the Ecumenical Temple.
  2684 | D:4      | Reached skill level 5 in Fighting
  2761 | D:4      | Identified the +5 whip "Dragon's Tongue" {vamp, rF+}
  2864 | D:4      | Reached skill level 6 in Axes
  2864 | D:4      | Reached XP level 6. HP: 54/56 MP: 6/6
  2999 | D:4      | Noticed a black bear
  3009 | D:4      | Killed a black bear
  3389 | D:5      | Entered Level 5 of the Dungeon
  3418 | D:5      | Noticed Eustachio
  3426 | D:5      | Killed Eustachio
  3427 | D:5      | Reached skill level 7 in Axes
  3427 | D:5      | Reached XP level 7. HP: 41/64 MP: 7/7
  4130 | D:5      | Reached XP level 8. HP: 64/73 MP: 8/8
  4417 | D:5      | Found a runed translucent door.
  4418 | D:5      | Noticed Crazy Yiuf
  4479 | D:6      | Noticed Edmund
  4499 | D:6      | Killed Edmund
  4500 | D:6      | Reached skill level 8 in Axes
  4500 | D:6      | Reached skill level 1 in Armour
  4638 | D:6      | Identified the +0 leather armour of Submission {rElec rF+
                  | Dex+4}
  4724 | D:6      | Found Inke's Weapon Emporium.
  4732 | D:6      | Found Puar's General Store.
  4800 | D:6      | Reached skill level 9 in Axes
  4894 | D:6      | Found Rasu's Antique Weapon Emporium.
  5209 | D:7      | Found a shimmering altar of Xom.
  5217 | D:7      | Noticed Prince Ribbit
  5218 | D:7      | HP: 3/73 [poisoned by a kobold brigand (curare-tipped
                  | dart)]
  5225 | D:7      | Slain by a wight

Illustrated notes

Levels and vault maps discovered:
D:1:      kilobyte_arrival_exit_the_forest, layout_loops_ring
D:2:      layout_basic, basic_altar, uniq_robin
D:3:      layout_basic, dk_yredelemnul_ordeal
D:4:      layout_basic, minmay_temple_entry_ruins
D:5:      layout_basic, item_on_display_a, uniq_eustachio,
          uniq_crazy_yiuf_cottage
D:6:      layout_basic, serial_shops, nicolae_square_shop, shop, shop,
          uniq_edmund
D:7:      layout_basic, brannock_xom_greatest_gift, uniq_prince_ribbit1

Skill      XL: |  1  2  3  4  5  6  7  8 |
---------------+-------------------------+-----
Fighting       | 4 5 6 7 |  7.0
Dodging        | 3 4 |  4.8
Axes           | 5 6 7 9 |  9.5
Armour         | 3 |  3.0

Action                     |  1- 3 |  4- 6 |  7- 9 || total
---------------------------+-------+-------+-------++-------
  Melee: Hand axe          |    38 |       |       ||    38
         Broad axe         |    40 |    96 |   110 ||   246
  Throw: Dart              |       |     3 |     1 ||     4
 Invoke: Convert to Beogh  |       |     1 |       ||     1
    Use: Scroll            |       |     6 |    13 ||    19
         Potion            |       |       |     6 ||     6
 Armour: Ring mail         |     7 |       |       ||     7
         Robe              |     6 |       |       ||     6
         Plate armour      |    17 |    79 |   107 ||   203
  Dodge: Dodged            |    42 |    20 |    71 ||   133
